 Dungeon Sprint DCSS version 0.30-a0-272-gf98c3da03f (webtiles) character file.

Game seed: 3932416983566285715

60 rocky1 the Conjurer (level 4, -5/29 HPs)
             Began as a Tengu Reaver on Oct 15, 2022.
             Slain by a water elemental (16 damage)
             ... in the Dungeon (Sprint III: "The Ten Rune Challenge").
             The game lasted 00:01:31 (298 turns).

rocky1 the Conjurer (Tengu Reaver)                   Turns: 298, Time: 00:01:32

Health: -5/29      AC:  3    Str: 13    XL:     4   Next: 6%
Magic:  8/10       EV: 13    Int: 13    God:
Gold:   33         SH:  0    Dex: 14    Spells: 7/10 levels left

rFire   . . .      SeeInvis .    a - +0 falchion
rCold   . . .      Faith    .    (no shield)
rNeg    . . .      Spirit   .    b - +0 leather armour
rPois   .          Reflect  .    (helmet restricted)
rElec   .          Harm     .    (no cloak)
rCorr   .          Rampage  .    (no gloves)
Will    .....      NoTele   +    (boots unavailable)
Stlth   +.........               (no amulet)
HPRegen 0.24/turn                (no ring)
MPRegen 0.12/turn                (no ring)

@: engulfed (cannot breathe), immotile
A: beak, talons 3
a: no special abilities


You were in the Dungeon.
You visited 1 branch You collected 33 gold pieces.

Inventory:

Hand Weapons
 a - a +0 falchion (weapon)
Armour
 b - a +0 leather armour (worn)
Scrolls
 h - a scroll of blinking
 i - a scroll of poison {unknown}
 j - 3 scrolls of identify
 l - a scroll of torment {unknown}
Potions
 c - a potion of curing
 d - a potion of heal wounds
 e - a potion of haste
 f - 2 potions of magic
 g - a potion of berserk rage
 k - 2 potions of flight {unknown}
 m - 6 potions of mutation


   Skills:
 + Level 3.8 Fighting
 + Level 4.9 Long Blades
 + Level 4.2 Dodging
 + Level 3.5 Spellcasting
 + Level 5.9 Conjurations


You had 7 spell levels left.
You knew the following spells:

 Your Spells              Type           Power      Damage    Failure   Level
a - Kiss of Death         Conj/Necr      40%        2d8       9%          1
b - Momentum Strike       Conj/Tloc      20%        3d8       12%         2

Your spell library contained the following spells:

 Spells                   Type           Power      Damage    Failure   Level
 Hailstorm                Conj/Ice       10%        3d5       24%         3


Dungeon Overview and Level Annotations

Branches:
Dungeon (1/1)

Altars:


Innate Abilities, Weirdness & Mutations

You have a beak for a mouth.
You have claws for feet.


Message History

i - a scroll labelled CEWUDW HOPAD;
j - 2 scrolls of identify
k - a sedimented purple potion
Things that are here:
a potion of mutation; 2 potions of mutation
l - a scroll labelled USTRUOMEUT;
j - 3 scrolls of identify (gained 1)
k - 2 sedimented purple potions (gained 1)
Things that are here:
a potion of mutation; 2 potions of mutation You now have 33 gold pieces (gained 11).
Things that are here:
a potion of mutation; 2 potions of mutation
m - a potion of mutation;
m - 3 potions of mutation (gained 2)
m - 4 potions of mutation (gained 1);
m - 6 potions of mutation (gained 2)
There is an open door here.
Casting: Kiss of Death (safe; 9% risk of failure)
Confirm with . or Enter, or press ? or * to list all spells.
Okay, then.
Casting: Kiss of Death (safe; 9% risk of failure)
Confirm with . or Enter, or press ? or * to list all spells.
You can't see any susceptible monsters within range! (Use Z to cast anyway.) Unknown command.
You open the door.
A water elemental comes into view.
Casting: Kiss of Death (safe; 9% risk of failure)
Confirm with . or Enter, or press ? or * to list all spells.
Aiming: Momentum Strike (safe; 12% risk of failure)
Press: ? - help, Dir - move target, f - water elemental
Aim: a water elemental (dormant, 100% to hit)
The concentrated momentum hits the water elemental!
You are unable to move.
You hit the water elemental.
The water elemental is moderately damaged.
The water elemental hits you!
The water elemental engulfs you in water!
You hit the water elemental but do no damage.
The water elemental is moderately damaged.
Your lungs strain for air!
The water elemental hits you!
Ouch! That really hurt!
You die...

▓▓▓▓▓▓▓▓ ▓▓▓ <..#...####
##.# ...#......#####..#
..##.......#..#..#
##.##.##...#..#..# #+#+#
##.##.###..##'#..#......
#.####.##..###..@E.⌠....
.###..##.)####...#...###
#.....##..###....# ⌠.#
###..##...##.....# .#
##..##....#..†...# #
#..###..##.#.....# #..#
#.. ####....# ▓▓▓▓ ▓▓▓
▓▓▓▓▓▓


You could see a water elemental.

Vanquished Creatures
  Jessica (D)
  A human (D)
  A wolf (D)
  An endoplasm (D)
  2 rats (D)
6 creatures vanquished.

Notes
Turn   | Place    | Note
-------+----------+-------------------------------------------
     0 | D        | rocky1 the Tengu Reaver began the quest for the Orb.
     0 | D        | Reached XP level 1. HP: 12/12 MP: 4/4
    44 | D        | Noticed Jessica
    48 | D        | Killed Jessica
    49 | D        | Reached skill level 5 in Conjurations
    49 | D        | Reached XP level 2. HP: 17/19 MP: 4/7
    49 | D        | Reached XP level 3. HP: 20/23 MP: 4/8
   138 | D        | Reached XP level 4. HP: 24/29 MP: 7/10
   274 | D        | Learned a level 2 spell: Momentum Strike
   294 | D        | Noticed a water elemental
   298 | D        | Slain by a water elemental

Illustrated notes

Levels and vault maps discovered:
D:        dungeon_sprint_mu [sprint_mu_entry_cave, sprint_mu_temple_rooms,
          sprint_mu_d1_spiders, sprint_mu_d2_genie, sprint_mu_d3_branching,
          sprint_mu_orc_legion, sprint_mu_elf_gauntlet, sprint_mu_hive_nellie,
          sprint_mu_lair_fedhas, sprint_mu_vaults_butterflies,
          sprint_mu_slime_circle, sprint_mu_swamp_cave, sprint_mu_shoals_archi,
          sprint_mu_blade_basic, sprint_mu_crypt_fortress,
          sprint_mu_tomb_spiral, sprint_mu_vestibule_basic,
          sprint_mu_gehenna_hellfire, sprint_mu_dis_giant,
          sprint_mu_tartarus_statrot, sprint_mu_cocytus_islands, sprint_mu_zot1]

Skill      XL: |  1  2  3 |
---------------+----------+-----
Fighting       | 3 |  3.8
Long Blades    | 4 |  4.9
Dodging        | 3 4 |  4.2
Spellcasting   | 3 |  3.5
Conjurations   | 5 |  5.9

Action                   |  1- 3 |  4- 6 || total
-------------------------+-------+-------++-------
Melee: Falchion          |    15 |     2 ||    17
       Kick              |     2 |       ||     2
       Punch             |     1 |       ||     1
 Cast: Kiss of Death     |     3 |       ||     3
       Momentum Strike   |       |     1 ||     1
Armor: Leather armour    |     3 |       ||     3
Dodge: Dodged            |    10 |       ||    10

Table legend: (Time is in decaauts)
 A = Elapsed time spent in this place.
 B = Non-inter-level travel time spent in this place.
 C = Inter-level travel time spent in this place.
 D = Time resting spent in this place.
 E = Time spent auto-exploring this place.
 F = Levels seen in this place.
 G = Mean time per level.
                   A        B        C        D        E       F      G
               +--------+--------+--------+--------+--------+-----+--------+
         Total |    299 |    299 |      0 |    182 |      0 |   1 |  299.0 |
       Dungeon |    299 |    299 |      0 |    182 |      0 |   1 |  299.0 |
               +--------+--------+--------+--------+--------+-----+--------+

Top non-repeatable levels by time:
       D: 299 daAuts
